Map: Orbital Shipyard

Players

tsunami - Winner!

  • Race: Protoss Protoss
  • League: Diamond

ILLBdA

  • Race: Protoss Protoss
  • League: Diamond

VOD

Have the link to the VOD?

Description

Time

  • Played on: Dec. 22, 2015, 11:27 a.m.
  • Length: 6:27
Show
View Real Time Build Order
Export as new Build Order

tsunami Protoss - Winner!

Build Orders: 1 Gate Expand 

Get SALT Encoding   

  12  0:01  Probe (Chrono Boost)  
  13  0:12  Probe (Chrono Boost)  
  14  0:19  Pylon  
  14  0:23  Probe (Chrono Boost)  
  15  0:38  Probe (Chrono Boost)  
  15  0:41  Gateway  
  16  0:46  Assimilator  
  16  0:48  Probe (Chrono Boost)  
  17  0:59  Probe (Chrono Boost)  
  18  1:09  Probe (Chrono Boost)  
  19  1:27  Nexus  
  19  1:37  Cybernetics Core  
  20  1:40  Probe (Chrono Boost)  
  20  1:46  Assimilator  
  20  1:50  Probe (Chrono Boost)  
  21  1:59  Pylon  
  22  2:05  Probe (Chrono Boost)  
  22  2:15  Warp Gate (Chrono Boost)  
  22  2:17  Adept (Chrono Boost)  
  22  2:18  Mothership Core  
  26  2:41  Stalker (Chrono Boost)  
  26  2:43  Twilight Council  
  28  2:49  Probe x2  
  30  3:05  Stalker (Chrono Boost)  
  30  3:22  Gateway  
  28  3:37  Stalker  
  26  4:02  Probe  
  27  4:13  Probe  
  27  4:15  Probe  
  29  4:17  Stalker  
  29  4:22  Stalker  
  31  4:34  Probe  
  32  4:45  Adept x2  
  34  4:48  Probe x2  
  34  4:52  Pylon  
  38  5:00  Probe  
  33  5:14  Stalker  
  33  5:15  Stalker  
  38  5:24  Gateway  
  33  5:36  Stalker  
  33  5:39  Stalker  
  33  5:42  Probe  
  39  5:48  Probe  
  39  6:03  Stalker x2  
  41  6:09  Probe  
  42  6:12  Probe  
Show
View Real Time Build Order
Export as new Build Order

ILLBdA Protoss 

Build Orders: Mass Adepts 

Get SALT Encoding   

  12  0:01  Probe (Chrono Boost)  
  13  0:11  Probe (Chrono Boost)  
  14  0:17  Pylon  
  14  0:22  Probe (Chrono Boost)  
  16  0:35  Probe (Chrono Boost)  
  16  0:38  Gateway  
  16  0:46  Probe (Chrono Boost)  
  16  0:48  Assimilator  
  17  0:56  Pylon  
  17  0:59  Probe (Chrono Boost)  
  18  1:09  Probe (Chrono Boost)  
  19  1:18  Gateway  
  19  1:27  Probe (Chrono Boost)  
  19  1:28  Cybernetics Core  
  20  1:37  Gateway  
  20  1:43  Assimilator  
  20  1:45  Probe (Chrono Boost)  
  21  1:55  Probe (Chrono Boost)  
  22  2:06  Stalker (Chrono Boost)  
  26  2:10  Stalker (Chrono Boost), Warp Gate  
  26  2:24  Stalker (Chrono Boost)  
  28  2:36  Adept (Chrono Boost)  
  31  2:44  Pylon  
  31  2:48  Probe  
  31  3:00  Pylon  
  35  3:06  Stalker (Chrono Boost)  
  35  3:09  Adept x2 (Chrono Boost)  
  41  3:36  Adept x2 (Chrono Boost)  
  28  4:14  Adept x2  
  30  4:18  Adept  
  30  4:21  Probe  
  31  4:32  Adept  
  31  4:37  Adept  
  33  4:46  Probe  
  33  4:49  Robotics Facility  
  33  4:51  Stalker x2  
  38  4:58  Probe  
  37  5:15  Stalker  
  37  5:20  Pylon  
  31  5:37  Adept x2  
  35  5:47  Stalker  
  35  5:51  Observer (Chrono Boost)  
  32  6:04  Stalker x2  
  32  6:10  Sentry  
Tags
 
Composition
Mass Adepts
Matchup
PvP
Replay Pack
me
Add a new tag
Caveats
  • Supply blocks, unpowered buildings, or Contaminate may cause inaccurate times.
  • Supply counts are checked every 10 seconds.